 Dungeon Crawl Stone Soup version 0.22-a0-825-ga28c36f (webtiles) character file.

54 iamserjio the Insei (level 3, 1/33 HPs)
             Began as a Draconian Monk on July 24, 2018.
             Quit the game on level 3 of the Dungeon.
             The game lasted 00:04:28 (672 turns).

iamserjio the Insei (Draconian Monk)                 Turns: 672, Time: 00:04:29

Health: 1/33       AC:  5    Str: 19    XL:     3   Next: 66%
Magic:  3/3        EV: 12    Int: 11    God:
Gold:   33         SH:  0    Dex: 15    Spells: 2/2 levels left

rFire    . . .     SeeInvis .     - Unarmed
rCold    . . .     Gourm    .   (no shield)
rNeg     . . .     Faith    .   (armour unavailable)
rPois    .         Spirit   .   (helmet restricted)
rElec    .         Reflect  .   (no cloak)
rCorr    .         Harm     .   (no gloves)
MR       .....                  (no boots)
Stlth    +.........             (no amulet)
HPRegen  0.11/turn              g - +4 ring of strength
MPRegen  0.08/turn              (no ring)

@: lethally poisoned (1 -> -4), hasted, heavily drained, very quick
A: unfitting armour, agile 1, strong 1, cold-blooded, AC +5
a: no special abilities


You were on level 3 of the Dungeon.
You were not hungry.

You visited 1 branch of the dungeon, and saw 3 of its levels.

You collected 33 gold pieces.

Inventory:

Jewellery
 g - a +4 ring of strength (left hand)
Wands
 h - a wand of flame (13)
Scrolls
 d - 2 scrolls of immolation
 f - a scroll of teleportation
 k - a scroll of fear
Potions
 c - a potion of resistance
Comestibles
 a - 2 rations


   Skills:
 + Level 4.0(2.4) Fighting
 - Level 2.6(1.1) Dodging
 - Level 1.7(0.2) Stealth
 * Level 4.2(2.6) Unarmed Combat


You had 2 spell levels left.
You didn't know any spells.
Your spell library was empty.

Dungeon Overview and Level Annotations

Branches:
Dungeon (3/15)

Altars:


Innate Abilities, Weirdness & Mutations

Your plain brown scales are hard. (AC +5)
You cannot fit into any form of body armour.
You are cold-blooded and may be slowed by cold attacks.
You are agile. (Dex +2)
Your muscles are strong. (Str +2)


Message History

* * * LOW HITPOINT WARNING * * *
You feel sick. The adder closely misses you.
You hit the adder.
You kill the adder!
Your base Fighting skill increases to level 4!
* * * LOW HITPOINT WARNING * * *
You feel sick.
It was a potion of mutation.
You feel extremely strange.
You feel stronger.
You feel agile.
It was a potion of haste.
You feel yourself speed up.
* * * LOW HITPOINT WARNING * * *
You feel sick.
Quiver which item? (- for none, * to show all) (? for menu, Esc to quit)
You don't have any such object.
Quiver which item? (- for none, * to show all) (? for menu, Esc to quit)
You don't have any such object.
Quiver which item? (- for none, * to show all) (? for menu, Esc to quit)
Okay, then.
Unknown command.
Are you sure you want to abandon this character and quit the game? (Confirm with "yes".)

......##.####.#### ##'##
..##.###.#.......# #.#
..##.# #.#.##.##.# #.#
.....###.# #.##.# ##.##
.........# #.##.###
##...## ### .#########
#......## #.....# #.. .#
####..#)####...## #.# .#
#.#####.###.####)#####.#
.#
#......@.#.............#
##
#########.##############
###


There were no monsters in sight!

Vanquished Creatures
  2 adders (D:3)
  An ooze (D:1)
  A worm (D:3)
  A dart slug (D:1)
  2 giant cockroaches
  3 goblins
  4 hobgoblins
  A quokka (D:3)
  A ball python (D:1)
  3 bats
  3 frilled lizards
  6 kobolds
  A rat (D:1)
29 creatures vanquished.

Notes
Turn   | Place    | Note
-------+----------+-------------------------------------------
     0 | D:1      | iamserjio the Draconian Monk began the quest for the Orb.
     0 | D:1      | Reached XP level 1. HP: 19/19 MP: 1/1
   105 | D:1      | Reached XP level 2. HP: 19/26 MP: 2/2
   429 | D:3      | Reached XP level 3. HP: 29/33 MP: 3/3
   670 | D:3      | Gained mutation: Your muscles are strong. (Str +2) [potion of mutation]
   670 | D:3      | Gained mutation: You are agile. (Dex +2) [potion of mutation]
   671 | D:3      | HP: 1/33 [poisoned by an adder]
   672 | D:3      | Quit the game

Vault maps used:
D:1:      ncdulo_lavacross
D:2:      serial_glass, glass_columns_a, glass_columns_a, minmay_ruptured

Skill      XL: |  1  2  3 |
---------------+----------+-----
Unarmed Combat | 4 |  4.2
Fighting       | 4 |  4.0
Dodging        | |  2.6
Stealth        | |  1.7

Action                   || total
-------------------------++-------
Melee: Unarmed           ||   101
       Tailslap          ||    10
Evoke: Wand              ||     3
  Use: Scroll            ||     6
       Potion            ||     2
 Stab: Sleeping          ||     2
Armor: Skin              ||    19
Dodge: Dodged            ||    51

Table legend:
 A = Spawn XP
 B = Non-spawn XP
 C = Spawn XP percentage of total XP
 D = Spawn monster count
 E = Non-spawn monster count
 F = Spawn count percentage of total count
 G = Total turns spent on level
                    A         B        C        D         E        F      G
               +---------+---------+-------+---------+---------+-------+---------
         Total |       0 |      78 |   0.0 |       0 |      29 |   0.0 |   672
               +---------+---------+-------+---------+---------+-------+---------
           D:1 |       0 |      27 |   0.0 |       0 |      14 |   0.0 |   239
           D:2 |       0 |       5 |   0.0 |       0 |       3 |   0.0 |   168
           D:3 |       0 |      46 |   0.0 |       0 |      12 |   0.0 |   265
               +---------+---------+-------+---------+---------+-------+---------
